 Dungeon Crawl Stone Soup version 0.20-a0-1122-gb7cbeb9 (webtiles) character file.

719 grindst0ne the Grappler (level 7, -4/67 HPs)
             Began as a Troll Monk on May 11, 2017.
             Was a Believer of Okawaru.
             Slain by a troll (12 damage)
             ... on level 5 of the Dungeon.
             The game lasted 00:07:12 (3660 turns).

grindst0ne the Grappler (Troll Monk)                Turns: 3660, Time: 00:07:13

Health: -4/67      AC:  5    Str: 20    XL:     7   Next: 42%
Magic:  4/6        EV: 14    Int:  6    God:    Okawaru [**....]
Gold:   276        SH:  0    Dex: 14    Spells: 6/6 levels left

rFire    . . .     SeeInvis .     - Unarmed
rCold    . . .     Gourm    +   (no shield)
rNeg     . . .     Faith    .   a - +0 robe
rPois    .         Spirit   .   (helmet restricted)
rElec    .         Reflect  .   (no cloak)
rCorr    .         Harm     .   (gloves unavailable)
MR       .....                  (boots unavailable)
Stlth    +++.......             (no amulet)
Regen    0.7/turn               (no ring)
MPRegen  0.1/turn               (no ring)

@: heroism
A: unfitting armour, claws 3, fast metabolism 3, gourmand, regeneration 1,
shaggy fur 1, tough skin 2
a: Heroism, Renounce Religion


You were on level 5 of the Dungeon.
You worshipped Okawaru.
Okawaru was pleased with you.
You were completely stuffed.

You visited 2 branches of the dungeon, and saw 6 of its levels.

You collected 276 gold pieces.

Inventory:

Missiles
 l - a throwing net (quivered)
Armour
 a - a +0 robe (worn)
Jewellery
 k - a cursed ring of loudness {unknown}
Wands
 r - a wand of clouds (4/9)
Scrolls
 c - 3 scrolls of identify {unknown}
 d - 3 scrolls of remove curse {unknown}
 e - a scroll of teleportation {unknown}
 m - a scroll of immolation {unknown}
 n - 2 scrolls of blinking {unknown}
 o - 2 scrolls of noise {unknown}
 q - a scroll of random uselessness {unknown}
 s - a scroll of fear {unknown}
 t - 4 scrolls of amnesia {unknown}
 v - 2 scrolls of fog {unknown}
 x - a scroll of enchant weapon {unknown}
Potions
 f - a potion of flight {unknown}
 g - 2 potions of resistance {unknown}
 h - 2 potions of might {unknown}
 i - 2 potions of mutation {unknown}
 j - a potion of invisibility {unknown}
 w - a potion of magic {unknown}
 z - a potion of ambrosia {unknown}
 B - a potion of curing {unknown}
Comestibles
 b - 4 bread rations
 p - 2 royal jellies
 u - a meat ration
 A - 4 fruits
 C - 4 chunks of flesh


   Skills:
 - Level 3.4(8.4) Fighting
 - Level 2.4(7.4) Dodging
 - Level 1.0(6.0) Stealth
 * Level 8.2(13.2) Unarmed Combat


You had 6 spell levels left.
You didn't know any spells.

Dungeon Overview and Level Annotations

Branches:
Dungeon (5/15)             Temple (1/1) D:4

Altars:
Ashenzari
Cheibriados
Dithmenos
Elyvilon
Gozag
Kikubaaqudgha
Makhleb
Nemelex Xobeh
Okawaru
Qazlal
Ru
Sif Muna
Trog
Uskayaw
Vehumet
Wu Jian
Xom
Yredelemnul
Zin
The Shining One


Innate Abilities, Weirdness & Mutations

You are too large for most types of armour.
You have claws for hands.
Your metabolism is lightning-fast.
You like to eat raw meat.
Your natural rate of healing is unusually fast.
You are covered in fur. (AC +1)
You have very tough skin. (AC +2)


Message History

The troll shouts!
You gain the combat prowess of a mighty hero.
The troll bites you! The troll claws you but does no damage.
The troll claws you!
You claw the troll!
The troll is moderately wounded.
The troll misses you. The troll claws you! x2
* * * LOW HITPOINT WARNING * * *
You scratch the troll.
The troll is moderately wounded.
You claw the troll! x2
The troll is almost dead.
The troll bites you.
* * * LOW HITPOINT WARNING * * *
The troll misses you. The troll claws you!
* * * LOW HITPOINT WARNING * * *
You closely miss the troll.
The troll is almost dead.
The troll bites you!
You die...

##..................#
#..................#
#...................
#.................#
##.............#.#.
##............(....
##..)........[......
#...................
###..#....@T........
#...##.............
#.#.##............
#.#.##......%.....
....##............
#...###...<........
..### #............
... #........#... ...


You could see a troll.

Vanquished Creatures
  An ogre (D:4)
  A phantom (D:4)
  Blork the orc (D:5)
  A scorpion (D:4)
  A quasit (D:4)
  A hound (D:4)
  2 orc priests (D:4)
  An orc wizard (D:4)
  Ijyb (D:3)
  2 worker ants
  A hound skeleton (D:5)
  A worker ant zombie (D:3)
  7 adders
  2 oozes
  An adder zombie (D:5)
  A dart slug (D:1)
  3 leopard geckos (D:1)
  9 orcs
  3 giant cockroaches
  7 goblins
  5 hobgoblins
  17 jackals
  3 quokkas
  A ball python (D:2)
  9 bats
  3 frilled lizards
  A jackal zombie (D:5)
  17 kobolds
  A quokka skeleton (D:5)
  13 rats
117 creatures vanquished.

Vanquished Creatures (others)
  A rat (D:2)
1 creature vanquished.

Grand Total: 118 creatures vanquished

Notes
Turn   | Place    | Note
-------+----------+-------------------------------------------
     0 | D:1      | grindst0ne the Troll Monk began the quest for the Orb.
     0 | D:1      | Reached XP level 1. HP: 22/22 MP: 0/0
    57 | D:1      | Reached XP level 2. HP: 29/29 MP: 1/1
   435 | D:1      | Reached XP level 3. HP: 37/37 MP: 2/2
   867 | D:2      | Reached skill level 4 in Unarmed Combat
   867 | D:2      | Reached XP level 4. HP: 43/45 MP: 3/3
  1608 | D:3      | Noticed Ijyb
  1689 | D:3      | Killed Ijyb
  1689 | D:3      | Reached skill level 5 in Unarmed Combat
  1689 | D:3      | Reached XP level 5. HP: 31/53 MP: 4/4
  2376 | D:4      | Found a stormy altar of Qazlal.
  2378 | D:4      | Noticed a phantom
  2407 | D:4      | Killed a phantom
  2407 | D:4      | Reached skill level 6 in Unarmed Combat
  2407 | D:4      | Reached XP level 6. HP: 50/61 MP: 5/5
  2611 | D:4      | Found a staircase to the Ecumenical Temple.
  2644 | D:4      | Reached skill level 7 in Unarmed Combat
  2698 | Temple   | Entered the Ecumenical Temple
  2997 | Temple   | Became a worshipper of Warmaster Okawaru
  2997 | Temple   | Reached * piety under Okawaru
  2997 | Temple   | Reached ** piety under Okawaru
  3172 | D:4      | Found a white marble altar of Elyvilon.
  3172 | D:4      | Found a glowing golden altar of the Shining One.
  3217 | D:4      | Reached XP level 7. HP: 44/67 MP: 6/6
  3478 | D:5      | Entered Level 5 of the Dungeon
  3527 | D:5      | Noticed Blork the orc
  3537 | D:5      | Killed Blork the orc
  3537 | D:5      | Reached skill level 8 in Unarmed Combat
  3562 | D:5      | Noticed a troll
  3660 | D:5      | Slain by a troll

Vault maps used:
D:1:      dpeg_arrival_tiny_a
D:3:      patterned_corridor, uniq_ijyb
D:4:      gammafunk_temple_overflow_elements, lemuel_crystal_altar,
          minmay_temple_entry_junction_2, first_bread
D:5:      uniq_blork_the_orc, uniq_eustachio
Temple:   minmay_temple_bridge_d

Skill      XL: |  1  2  3  4  5  6  7 |
---------------+----------------------+-----
Fighting       | 3 |  3.4
Unarmed Combat | 4 5 6 7 8 |  8.2
Dodging        | |  2.4
Stealth        | |  1.0

Action                   |  1- 3 |  4- 6 |  7- 9 || total
-------------------------+-------+-------+-------++-------
Melee: Unarmed           |   113 |   189 |    25 ||   327
       Punch             |     2 |     1 |     2 ||     5
Invok: Heroism           |       |       |     1 ||     1
 Stab: Sleeping          |     2 |     2 |     2 ||     6
  Eat: Chunk             |     6 |    24 |     5 ||    35
       Bread ration      |     1 |       |       ||     1
Armor: Robe              |    46 |    88 |     7 ||   141
Dodge: Dodged            |    61 |   125 |     7 ||   193
